 Dungeon Crawl Stone Soup version 0.26.1-2-gb8aa6d0cf2 (webtiles) character file.

Game seed: 5932923230649901767

469492 Almogavar the Conqueror (level 23, -13/240 HPs)
             Began as a Minotaur Berserker on Mar 24, 2021.
             Was the Champion of Trog.
             Killed from afar by a fire giant (27 damage)
             ... with a bolt of fire
             ... on level 5 of the Vaults on Mar 29, 2021.
             The game lasted 03:30:19 (61126 turns).

Almogavar the Conqueror (Minotaur Berserker)       Turns: 61126, Time: 03:30:20

Health: -13/240    AC: 39    Str: 39    XL:     23   Next: 22%
Magic:  22/22      EV: 16    Int:  7    God:    Trog [******]
Gold:   4439       SH: 24    Dex:  9    Spells: 22/22 levels left

rFire    . . .     SeeInvis .   k - +6 hunting sling (freeze)
rCold    + . .     Faith    .   p - +4 kite shield
rNeg     . . .     Spirit   .   L - +13 plate armour of Loss {rC+}
rPois    .         Reflect  +   g - +2 hat
rElec    +         Harm     .   q - scarf {repulsion}
rCorr    .         Rampage  .   K - +0 pair of gloves "Lumil" {rElec Will+}
Will     +++..                  Q - +2 pair of boots
Stlth    ..........             Z - amulet of reflection
HPRegen  0.50/turn              U - ring of willpower
MPRegen  0.18/turn              D - ring of Zofug {Str+6 Int+3}

@: repel missiles
A: retaliatory headbutt, horns 2, subdued magic 1
}: 3/15 runes: serpentine, barnacled, silver
a: Renounce Religion, Berserk, Trog's Hand, Brothers in Arms


You were on level 5 of the Vaults.
You worshipped Trog.
Trog was exalted by your worship.
You visited 7 branches of the dungeon, and saw 39 of its levels.
You also visited: Trove and Ossuary.

You collected 5057 gold pieces.
You spent 618 gold pieces at shops.

Inventory:

Hand Weapons
 a - the +9 long sword of the Tired Prophets {vorpal, *Corrode rF+ Str+2}
   (You found it in a treasure trove)

   It inflicts extra damage upon your enemies.
   It affects your strength (+2).
   It protects you from fire.
   It may corrode you when you take damage.
 k - a +6 hunting sling of freezing (weapon)
 r - a +6 antimagic long sword
 F - the +6 scimitar of Etsits {vorpal, Will- Dex+5 SInv}
   (You took it off a deep elf mage on level 3 of the Elven Halls)

   It inflicts extra damage upon your enemies.
   It affects your dexterity (+5).
   It affects your willpower, your defense against some magical effects.
   It lets you see invisible.
 M - the +9 demon blade of Riunet {flame, rElec rN+ Will+ Str+7}
   (Trog gifted it to you on level 4 of the Shoals)

   It has been specially enchanted to burn those struck by it, causing extra
   injury to most foes and up to half again as much damage against particularly
   susceptible opponents.
   Big, fiery blades are also staple armaments of hydra-hunters.
   It affects your strength (+7).
   It insulates you from electricity.
   It protects you from negative energy.
   It affects your willpower, your defense against some magical effects.
 W - the +10 great sword of Boaruty {vorpal, *Rage rC- rN+++ Int+5}
   (Trog gifted it to you on level 4 of the Lair of Beasts)

   It inflicts extra damage upon your enemies.
   It affects your intelligence (+5).
   It makes you vulnerable to cold.
   It renders you almost immune to negative energy.
   It may make you go berserk in combat.
Missiles
 e - 811 stones (quivered ammo)
 y - 335 sling bullets
Armour
 g - a +2 hat (worn)
 p - a +4 kite shield (worn)
 q - a scarf of repulsion (worn)
 z - a +1 chain mail of poison resistance
 K - the +0 pair of gloves "Lumil" (worn) {rElec Will+}
   (You acquired it on level 2 of the Shoals)

   It insulates you from electricity.
   It affects your willpower, your defense against some magical effects.
 L - the +13 plate armour of Loss (worn) {rC+}
   (You found it on level 4 of the Shoals)

   It protects you from cold.
 Q - a +2 pair of boots (worn)
 Y - the +1 pair of gloves of Proximity {Harm rC++}
   (You acquired it on level 2 of the Vaults)

   It greatly protects you from cold.
   It increases damage dealt and taken.
Jewellery
 l - an uncursed ring of protection from fire
 o - an uncursed ring of flight
 s - the amulet "Voinarch" {Spirit Stlth+}
   (You acquired it on level 13 of the Dungeon)

   [amulet of guardian spirit]

   It causes incoming damage to be split between your health and magic.
   It makes you more stealthy.
 B - an uncursed ring of poison resistance
 D - the ring of Zofug (right hand) {Str+6 Int+3}
   (You took it off a deep elf mage on level 3 of the Elven Halls)

   [ring of strength]

   It affects your strength (+6).
   It affects your intelligence (+3).
 H - the ring of Gotzy {Wiz *Drain +Fly rN+ Slay+2}
   (You took it off a deep elf mage on level 3 of the Elven Halls)

   [ring of wizardry]

   It improves your spell success rate.
   It affects your accuracy and damage with ranged weapons and melee attacks
   (+2).
   It protects you from negative energy.
   It lets you fly.
   It causes draining when unequipped.
 S - an uncursed ring of positive energy
 U - a ring of willpower (left hand)
 V - an uncursed amulet of regeneration
 X - an uncursed ring of stealth
 Z - an amulet of reflection (around neck)
Wands
 j - a wand of flame (220)
 n - a wand of iceblast (45)
 I - a wand of acid (7)
 T - a wand of digging (2)
Scrolls
 b - 2 scrolls of summoning
 c - 8 scrolls of remove curse
 f - 9 scrolls of identify
 m - a scroll of teleportation
 w - 9 scrolls of magic mapping
 C - 2 scrolls of silence
 N - 3 scrolls of blinking
 O - 10 scrolls of fog
 R - 4 scrolls of fear
Potions
 d - 2 potions of invisibility
 i - 13 potions of flight
 t - 16 potions of curing
 u - 7 potions of might
 v - a potion of haste
 J - 3 potions of cancellation
 P - 3 potions of magic
Miscellaneous
 x - a phial of floods
 A - a condenser vane
 E - a lightning rod (4/4)
 G - a box of beasts


   Skills:
 O Level 27 Fighting
 - Level 14.6 Long Blades
 - Level 12.6(12.7) Slings
 - Level 2.0(7.8) Throwing
 - Level 18.5 Armour
 + Level 15.4 Dodging
 + Level 3.7 Stealth
 - Level 15.3 Shields
 * Level 15.5 Evocations


You had 22 spell levels left.
You didn't know any spells.
Your spell library was empty.

Dungeon Overview and Level Annotations

Branches:
Dungeon (15/15)            Temple (0/1) D:6            Lair (6/6) D:8
 Shoals (4/4) Lair:4        Snake (4/4) Lair:2        Slime (0/5) Lair:5
    Orc (2/2) D:10            Elf (3/3) Orc:2        Vaults (5/5) D:13
  Crypt (0/3) Vaults:2     Depths (0/5) D:15        Ossuary (visited)

Altars:
Ashenzari
Elyvilon
Fedhas
Gozag
Nemelex Xobeh
Okawaru
Qazlal
Sif Muna
Trog
Uskayaw
Wu Jian
The Shining One
Jiyva

Shops:
D:6 (   D:10 *   D:13 *   Orc:2 *[[?   Elf:3 *   Snake:1 ?:**   Vaults:2 ?
Vaults:3 [[}:[


Innate Abilities, Weirdness & Mutations

You reflexively headbutt those who attack you in melee.
You have a pair of horns on your head.
Your spells are a little easier to cast, but a little less powerful.


Message History

Your troll goes berserk!
You feel better.
The fire giant hits your troll with a +0 great sword of flaming!!
The fire giant burns your troll!
Your troll bites the fire giant but does no damage.
Your troll claws the fire giant but does no damage.
Your troll claws the fire giant.
The ironbrand convoker casts a spell at the fire giant.
The fire giant seems to grow stronger.
The tengu reaver points at you and mumbles some strange words.
The bolt of magma hits you!!
* * * LOW HITPOINT WARNING * * *
You feel better.
Your troll bites the fire giant.
Your troll claws the fire giant! x2
The fire giant casts a spell at you. The bolt of fire hits your troll!!!
Your troll dies!
Your troll's corpse disappears in a puff of smoke!
The bolt of fire hits you!!
You die...

# ... .....#. #
.)#..#####..#.... #
..(....#....... #
p()...#...... # #((.......# #
.... #.((.C.*..# ....# #
#..#..# ###(.#§(#####... #
....... #....Q))..#..... # #
....... #).).)@())#..... .# #
....p...((...).(†).(...# .#
##....#####....)#####)(..##..#
#.......#)|...}.}.#.§.(..)#..#
...# #.:.../.}.# ##((...#
..#######################)(..#
..k............p.....p...§.§.#
x.............p.....{....§§.§#
##############################


You could see a fire giant (strong), a tengu reaver, an ironbrand convoker and a
battlesphere.

Vanquished Creatures
  Mara (Vaults:3)
  An ancient lich (Vaults:5)
  Boris (twice) (Vaults:3 Vaults:4)
  Bai Suzhen (Shoals:3)
  Margery (Vaults:4)
  Saint Roka (Elf:3)
  A golden dragon (Vaults:5)
  Jory (Vaults:3)
  Nikola (Shoals:1)
  Rupert (Orc:2)
  The ghost of kaldamae the Spry, an adept DrGl of Vehumet (Elf:3)
  Jorgrun (Shoals:1)
  2 tentacled monstrosities (Vaults:5)
  2 deep elf blademasters
  2 titans (Vaults:5)
  The ghost of Qatuad the Blocker, an adept GnFi of Nemelex Xobeh (Shoals:3)
  A kraken (Shoals:1)
  2 sphinxes (Vaults:5)
  3 tengu reavers
  2 shadow dragons (Vaults:5)
  Kirke (D:12)
  8 nagarajas
  2 fire giants (Vaults:5)
  A frost giant (Vaults:5)
  5 vault wardens
  Louise (Elf:1)
  8 deep elf sorcerers
  3 large abominations
  6 very ugly things
  3 deep elf elementalists
  15 ironheart preservers
  13 stone giants
  A vampire knight (Vaults:2)
  Nessos (D:12)
  9 deep elf demonologists
  Azrael (Orc:2)
  A dire elephant (Lair:6)
  7 deep elf annihilators (Elf:3)
  4 entropy weavers
  The ghost of Serogusm the Archer, a journeyman CeAM of Okawaru (Lair:5)
  6 merfolk javelineers
  2 crystal guardians
  10 deep elf death magi
  3 ettins (Vaults:5)
  7 merfolk impalers
  6 deep elf high priests
  A fire dragon (Vaults:4)
  10 yaktaur captains
  10 ogre magi
  7 hydras
  Josephine (D:10)
  Fannar (D:12)
  An ice dragon (Vaults:4)
  3 great orbs of eyes (Vaults:3)
  8 naga warriors
  Harold (D:7)
  19 vault guards (Vaults:5)
  A rakshasa (Vaults:1)
  3 merfolk avatars
  10 centaur warriors
  2 alligator snapping turtles
  38 two-headed ogres
  11 anacondas
  2 death knights
  7 boulder beetles
  4 satyrs
  A satyr (shapeshifter) (D:15)
  A catoblepas (Lair:6)
  9 death yaks
  2 merfolk aquamancers
  25 dancing weapons
  6 deep troll shamans
  2 deep troll earth magi
  2 orc high priests (Orc:2)
  13 naga sharpshooters
  5 shock serpents
  A small abomination (Vaults:5)
  20 deep elf knights
  Sonja (Lair:3)
  2 hell knights (Vaults:4)
  A shadow wraith (Vaults:5)
  6 skeletal warriors
  2 glowing orange brains
  4 unseen horrors
  15 sea snakes
  A salamander mystic (Snake:4)
  A flayed ghost (Vaults:4)
  An obsidian statue (Elf:3)
  A wizard (Vaults:3)
  23 deep trolls
  7 naga ritualists
  20 deep elf archers
  6 orc knights
  25 harpies
  3 phantasmal warriors
  15 ironbrand convokers
  An orb spider (shapeshifter) (Vaults:4)
  9 mana vipers
  5 necromancers
  An oklob plant (Lair:1)
  16 manticores
  76 deep elf magi
  5 orc sorcerers
  A shining eye (shapeshifter) (Elf:1)
  66 ugly things
  2 manticores (shapeshifter)
  9 elephants
  5 wolf spiders
  9 cyclopes
  12 salamanders
  7 fauns
  A moth of wrath (shapeshifter) (D:15)
  A stone giant skeleton (Vaults:3)
  3 human skeletons
  Maurice (D:8)
  11 vault sentinels
  2 guardian serpents (shapeshifter) (Vaults:4)
  A black mamba (shapeshifter) (Vaults:1)
  17 merfolk sirens
  4 water nymphs
  45 black mambas
  3 guardian serpents
  2 gargoyles
  17 naga magi
  14 cane toads
  The ghost of poo4u the Thaumaturge, a novice SpCj (D:7)
  A torpor snail (Lair:5)
  A rime drake (Lair:4)
  22 yaktaurs
  6 komodo dragons
  An efreet (D:14)
  6 freezing wraiths
  9 trolls
  A jumping spider (Vaults:2)
  A meliai (shapeshifter) (Vaults:1)
  A tengu conjurer (D:13)
  5 hornets
  A wind drake (shapeshifter) (D:13)
  5 wind drakes
  8 polar bears
  19 merfolk
  Prince Ribbit (D:5)
  Grinder (D:3)
  17 slime creatures
  11 snapping turtles
  2 air elementals
  8 blink frogs
  Sigmund (D:4)
  22 dream sheep
  8 wyverns
  2 shadows
  A centaur simulacrum (D:13)
  A vampire (D:11)
  7 redbacks
  5 water elementals
  Eustachio (D:4)
  2 tarantellas
  10 wraiths
  An ettin skeleton (Vaults:3)
  4 basilisks
  52 yaks
  A human (shapeshifter) (D:15)
  2 steam dragons
  3 fire elementals
  4 vampire mosquitoes (D:12)
  Grum (D:8)
  A human simulacrum (Vaults:1)
  Edmund (D:5)
  53 nagas
  3 wargs
  9 water moccasins
  An acid dragon (Vaults:1)
  2 hell hounds
  Duvessa (D:4)
  4 black bears
  33 orc warriors
  3 ice beasts
  2 sky beasts
  An eye of draining (D:11)
  3 phantoms
  2 human zombies
  A hornet zombie (D:11)
  23 centaurs
  An ogre (shapeshifter) (Vaults:4)
  A boulder beetle simulacrum (Vaults:1)
  41 ogres
  An elf skeleton (Vaults:2)
  21 wolves
  2 big kobolds (D:8)
  14 bullfrogs
  2 wyvern skeletons
  4 earth elementals (Elf:1)
  14 scorpions
  Dowan (D:5)
  18 killer bees
  7 wights
  7 howler monkeys
  A howler monkey (shapeshifter) (Vaults:5)
  3 electric eels
  A bullfrog zombie (D:6)
  8 hounds
  4 centaur skeletons
  10 centaur zombies
  18 jellies
  17 orc priests
  30 orc wizards
  3 bullfrog skeletons
  Crazy Yiuf (D:2)
  Jessica (D:2)
  4 iguanas
  13 worker ants
  Natasha (D:4)
  A hell rat (D:8)
  2 big kobold zombies (Ossuary)
  A hound zombie (D:6)
  2 hound skeletons
  3 mummies (Ossuary)
  Robin (D:2)
  3 worker ant zombies
  15 adders
  4 river rats (D:8)
  5 scorpion zombies (Ossuary)
  3 shadow imps
  3 white imps
  An ufetubus (D:9)
  14 oozes
  2 adder zombies
  An adder skeleton (D:4)
  3 worms (D:2)
  4 leopard geckos
  102 orcs
  7 bats
  7 giant cockroaches
  A gnoll zombie (Ossuary)
  23 goblins
  10 hobgoblins
  10 jackals
  19 kobolds
  5 quokkas
  2 ball pythons
  7 frilled lizards
  3 goblin zombies (Ossuary)
  3 hobgoblin zombies (Ossuary)
  2 kobold zombies (Ossuary)
  A leopard gecko skeleton (D:4)
  A leopard gecko zombie (D:7)
  A quokka skeleton (D:4)
  A quokka zombie (D:7)
  9 rats
  2 crawling corpses
  2 tentacles (Shoals:1)
1794 creatures vanquished.

Vanquished Creatures (collateral kills)
  Sojobo (Vaults:5)
  A tentacled monstrosity (Vaults:5)
  A titan (Vaults:5)
  A shadow dragon (Vaults:5)
  3 nagarajas (Snake:4)
  A yaktaur captain (Vaults:5)
  5 vault guards (Vaults:5)
  A two-headed ogre (Vaults:5)
  A dancing weapon (Vaults:5)
  An orc high priest (Orc:2)
  A deep troll earth mage (Vaults:5)
  A phantasmal warrior (Vaults:5)
  An ironbrand convoker (Vaults:5)
  A wolf spider (Vaults:5)
  An orc sorcerer (Orc:2)
  3 orc knights
  3 vault sentinels
  2 yaktaurs
  A spriggan (shapeshifter) (Elf:3)
  4 nagas (Snake:4)
  A hell hound (Orc:2)
  An orc warrior (Vaults:3)
  An orc priest (Orc:2)
37 creatures vanquished.

Vanquished Creatures (others)
  A dire elephant (shapeshifter) (Vaults:5)
  A merfolk javelineer (Shoals:4)
  A naga warrior (Snake:4)
  A mana viper (Snake:4)
  A yaktaur (Vaults:2)
  An ogre (Vaults:2)
  2 crawling corpses
  31 fungi
  82 plants
  32 tentacles (Shoals:1)
  3 toadstools (D:15)
156 creatures vanquished.

Grand Total: 1987 creatures vanquished

Notes
Turn   | Place    | Note
-------+----------+-------------------------------------------
     0 | D:1      | Almogavar the Minotaur Berserker began the quest for the
                  | Orb.
     0 | D:1      | Reached XP level 1. HP: 19/19 MP: 0/0
   270 | D:1      | Reached skill level 4 in Fighting
   270 | D:1      | Reached XP level 2. HP: 21/27 MP: 1/1
   646 | D:1      | Reached XP level 3. HP: 24/33 MP: 2/2
   857 | D:1      | Reached ** piety under Trog
  1411 | D:2      | Reached XP level 4. HP: 25/41 MP: 3/3
  1715 | D:2      | Found a broken altar of Ashenzari.
  1739 | D:2      | Reached skill level 5 in Long Blades
  1760 | D:2      | Noticed Robin
  1776 | D:2      | Killed Robin
  1963 | D:2      | Found a runed translucent door.
  1964 | D:2      | Noticed Crazy Yiuf
  2082 | D:2      | Reached *** piety under Trog
  2104 | D:2      | Noticed Jessica
  2110 | D:2      | Killed Jessica
  2111 | D:2      | Reached XP level 5. HP: 47/47 MP: 4/4
  2295 | D:2      | Killed Crazy Yiuf
  2362 | D:3      | Reached skill level 5 in Fighting
  2473 | D:3      | Noticed an ice beast
  2484 | D:3      | Killed an ice beast
  2485 | D:3      | Reached XP level 6. HP: 38/56 MP: 5/5
  2984 | D:3      | Found a shimmering blue altar of Sif Muna.
  3281 | D:4      | Noticed Eustachio
  3299 | D:4      | Reached XP level 7. HP: 47/61 MP: 6/6
  3305 | D:4      | Killed Eustachio
  3305 | D:4      | Reached **** piety under Trog
  3592 | D:4      | Noticed Natasha
  3602 | D:4      | Killed Natasha
  3822 | D:4      | Noticed Sigmund
  3859 | D:4      | Reached skill level 6 in Fighting
  3863 | D:4      | Killed Sigmund
  3864 | D:4      | Reached XP level 8. HP: 25/70 MP: 7/7
  3873 | D:4      | Reached skill level 5 in Armour
  3905 | D:4      | Noticed Grinder
  3958 | D:3      | Killed Grinder
  3959 | D:3      | Reached skill level 5 in Dodging
  4152 | D:5      | Entered Level 5 of the Dungeon
  4190 | D:5      | Reached skill level 1 in Slings
  4190 | D:5      | Noticed Duvessa
  4190 | D:5      | Noticed Dowan
  4206 | D:5      | Killed Dowan
  4226 | D:4      | HP: 5/106 [something (1)]
  4228 | D:4      | Killed Duvessa
  4594 | D:5      | Noticed Edmund
  4614 | D:5      | Killed Edmund
  4821 | D:5      | Noticed Prince Ribbit
  4834 | D:5      | Killed Prince Ribbit
  4835 | D:5      | Reached skill level 7 in Fighting
  4835 | D:5      | Reached XP level 9. HP: 63/79 MP: 8/8
  5001 | D:5      | Found a sparkling altar of Nemelex Xobeh.
  5001 | D:5      | Found a white marble altar of Elyvilon.
  5001 | D:5      | Found an ornate altar of the Wu Jian Council.
  5001 | D:5      | Found a bloodstained altar of Trog.
  5280 | D:5      | Reached skill level 10 in Long Blades
  5507 | D:5      | Found a blossoming altar of Fedhas.
  5513 | D:5      | Found a stormy altar of Qazlal.
  5608 | D:6      | Found Halu's Antique Weapon Shop.
  5677 | D:6      | Found a staircase to the Ecumenical Temple.
  5712 | D:6      | Reached ***** piety under Trog
  6352 | D:7      | Reached skill level 1 in Shields
  6523 | D:7      | Noticed Harold
  6538 | D:7      | Killed Harold
  6539 | D:7      | Reached skill level 8 in Fighting
  6805 | D:7      | Found a glowing golden altar of the Shining One.
  7002 | D:7      | Found a runed translucent door.
  7002 | D:7      | Noticed poo4u's ghost (novice SpCj)
  7227 | D:7      | Reached XP level 10. HP: 84/88 MP: 9/9
  7922 | D:7      | Killed poo4u's ghost
  7923 | D:7      | Reached skill level 10 in Armour
  8066 | D:8      | Noticed a gargoyle
  8066 | D:8      | Noticed a tengu warrior
  8067 | D:8      | Found the +2 ratskin cloak {*Rats rPois rN+ Str-1 Int-1
                  | Dex+1}
  8082 | D:8      | Found a sand-covered staircase.
  8092 | Ossuary  | Entered an ossuary
  8166 | Ossuary  | Received a gift from Trog
  8657 | D:8      | Noticed Grum
  8665 | D:8      | Noticed a death yak
  8665 | D:8      | Noticed a death yak
  8666 | D:8      | Killed Grum
  8668 | D:8      | Noticed Maurice
  8669 | D:8      | Noticed a death yak
  8672 | D:8      | Reached skill level 5 in Shields
  9064 | D:7      | Killed a death yak
  9134 | D:7      | Killed a death yak
  9135 | D:7      | Reached skill level 9 in Fighting
  9135 | D:7      | Reached XP level 11. HP: 50/97 MP: 3/10
  9323 | D:8      | Killed a death yak
  9455 | D:8      | Found a staircase to the Lair.
  9466 | D:8      | Killed Maurice
  9570 | D:8      | Received a gift from Trog
 10346 | D:9      | Noticed a two-headed ogre
 10350 | D:9      | Killed a two-headed ogre
 10871 | D:10     | Entered Level 10 of the Dungeon
 10974 | D:10     | Received a gift from Trog
 11189 | D:10     | Found a staircase to the Orcish Mines.
 11244 | D:10     | Noticed Josephine
 11262 | D:10     | Killed Josephine
 11292 | D:10     | Found Lumukit's Mayhem Merchandise.
 11331 | D:10     | Reached skill level 10 in Fighting
 11392 | D:10     | Found a white marble altar of Elyvilon.
 11593 | D:10     | Reached ****** piety under Trog
 11936 | Orc:1    | Entered Level 1 of the Orcish Mines
 11936 | Orc:1    | Noticed an orc knight
 11952 | D:10     | Killed an orc knight
 12112 | Orc:1    | Reached XP level 12. HP: 106/106 MP: 3/11
 12213 | Orc:1    | Noticed a two-headed ogre
 12220 | Orc:1    | Killed a two-headed ogre
 12441 | Orc:2    | Entered Level 2 of the Orcish Mines
 12443 | Orc:2    | Noticed Azrael
 12728 | Orc:2    | Noticed Rupert
 12991 | Orc:2    | Killed Rupert
 13093 | Orc:2    | Found a staircase to the Elven Halls.
 13113 | Orc:1    | Noticed a stone giant
 13290 | Orc:2    | Killed Azrael
 13920 | Orc:2    | Noticed an orc high priest
 13923 | Orc:2    | Noticed an orc high priest
 13928 | Orc:2    | Killed an orc high priest
 13931 | Orc:2    | Noticed an orc high priest
 13948 | Orc:2    | Killed an orc high priest
 13949 | Orc:2    | Reached skill level 11 in Fighting
 14321 | Orc:2    | Killed an orc high priest
 14892 | Orc:2    | Found Tiasu's General Store.
 14892 | Orc:2    | Found Vuofyb Peri's Magic Scroll Shoppe.
 14894 | Orc:2    | Found Awob's Armour Shop.
 14894 | Orc:2    | Found Jorrer's Antique Armour Shoppe.
 14903 | Orc:2    | Bought a +0 pair of gloves for 58 gold pieces
 14915 | Orc:2    | Bought a scroll of magic mapping for 42 gold pieces
 15181 | Orc:1    | Killed a stone giant
 15182 | Orc:1    | Reached XP level 13. HP: 116/116 MP: 4/12
 15397 | Lair:1   | Entered Level 1 of the Lair of Beasts
 16091 | Lair:1   | Reached skill level 15 in Armour
 16187 | Lair:1   | Received a gift from Trog
 16916 | Lair:2   | Found a staircase to the Snake Pit.
 16940 | Lair:2   | Reached skill level 10 in Shields
 17351 | Lair:2   | Reached skill level 12 in Fighting
 18507 | Lair:3   | Noticed Sonja
 18521 | Lair:3   | Killed Sonja
 19288 | Lair:4   | Received a gift from Trog
 19293 | Lair:4   | Reached skill level 13 in Fighting
 19306 | Lair:4   | Got a buzzing great sword {god gift}
 19312 | Lair:4   | Identified the +10 great sword of Boaruty {vorpal, *Rage
                  | rC- rN+++ Int+5} (Trog gifted it to you on level 4 of the
                  | Lair of Beasts)
 19402 | Lair:4   | You fall into a shaft and drop 2 floors!
 19402 | Lair:6   | Entered Level 6 of the Lair of Beasts
 19889 | Lair:5   | Reached XP level 14. HP: 129/129 MP: 13/13
 20069 | Lair:5   | Found a staircase to the Slime Pits.
 20069 | Lair:5   | Found a viscous altar of Jiyva.
 20631 | Lair:4   | Found a staircase to the Shoals.
 20826 | Lair:4   | Reached skill level 14 in Fighting
 20909 | Lair:4   | Received a gift from Trog
 22036 | Lair:5   | Found a runed translucent door.
 22041 | Lair:5   | Noticed Serogusm's ghost (journeyman CeAM)
 22054 | Lair:5   | Killed Serogusm's ghost
 23362 | Lair:6   | Reached skill level 15 in Fighting
 25115 | D:11     | Reached skill level 15 in Shields
 25124 | D:11     | Received a gift from Trog
 25128 | D:11     | Reached XP level 15. HP: 121/141 MP: 14/14
 25674 | D:12     | You fall into a shaft and drop 2 floors!
 25908 | D:14     | Reached skill level 1 in Throwing
 26562 | D:14     | Reached skill level 16 in Fighting
 27657 | D:15     | Entered Level 15 of the Dungeon
 28006 | D:15     | Received a gift from Trog
 28237 | D:15     | Found a staircase to the Depths.
 28285 | D:15     | Found an iron altar of Okawaru.
 28297 | D:15     | Reached skill level 17 in Fighting
 29517 | D:13     | Reached skill level 5 in Slings
 29777 | D:13     | Reached skill level 18 in Fighting
 29940 | D:13     | Found a gate to the Vaults.
 29983 | D:13     | Identified a scroll of acquirement
 29984 | D:13     | Acquired the amulet "Voinarch" {Spirit Stlth+}
 30424 | D:13     | Found Myufew's Assorted Antiques.
 30637 | D:12     | Noticed Kirke
 30640 | D:12     | Noticed Fannar
 30655 | D:12     | Killed Kirke
 30656 | D:12     | Reached XP level 16. HP: 146/159 MP: 13/15
 30669 | D:12     | Killed Fannar
 30694 | D:12     | Noticed Nessos
 30711 | D:12     | Killed Nessos
 30783 | D:12     | Found a portal to a secret trove of treasure.
 31021 | D:12     | Received a gift from Trog
 31514 | Snake:1  | Entered Level 1 of the Snake Pit
 31889 | Snake:1  | Reached skill level 19 in Fighting
 32055 | Snake:1  | Reached skill level 10 in Dodging
 32145 | Snake:1  | Found Nyma's General Store.
 32145 | Snake:1  | Found Cacad's Magic Scroll Shoppe.
 32146 | Snake:1  | Found Veit's Book Shoppe.
 32148 | Snake:1  | Found Jinwua's General Store.
 32155 | Snake:1  | Bought a scroll of teleportation for 42 gold pieces
 32155 | Snake:1  | Bought a scroll of teleportation for 42 gold pieces
 33102 | D:12     | You paid a toll of 16 scrolls of teleportation to enter a
                  | treasure trove
 33103 | Trove    | Entered a treasure trove
 33124 | Trove    | Got a fine long sword
 33125 | Trove    | Identified the +9 long sword of the Tired Prophets {vorpal,
                  | *Corrode rF+ Str+2} (You found it in a treasure trove)
 33139 | Trove    | Got an ivory long sword
 33140 | Trove    | Identified the +7 long sword of the Coin {speed, Will+}
                  | (You found it in a treasure trove)
 33170 | Trove    | Got a pitted quick blade
 33171 | Trove    | Identified the +3 quick blade of Indomitability {vorpal,
                  | rF+} (You found it in a treasure trove)
 33413 | Snake:2  | Reached skill level 1 in Evocations
 33523 | Snake:2  | Received a gift from Trog
 33907 | Snake:2  | Reached skill level 20 in Fighting
 35492 | Snake:3  | Reached XP level 17. HP: 127/172 MP: 16/16
 35761 | Snake:3  | Received a gift from Trog
 36115 | Snake:4  | Entered Level 4 of the Snake Pit
 36712 | Snake:4  | Found a hide-covered altar of Uskayaw.
 36923 | Snake:4  | Reached skill level 21 in Fighting
 37639 | Snake:4  | Received a gift from Trog
 37645 | Snake:4  | HP: 7/173 [nagaraja/+0 club (3)]
 37672 | Snake:4  | Got a serpentine rune of Zot
 38363 | Snake:4  | Reached skill level 10 in Slings
 39225 | Shoals:1 | Entered Level 1 of the Shoals
 39522 | Shoals:1 | Noticed Jorgrun
 39548 | Shoals:1 | Killed Jorgrun
 39549 | Shoals:1 | Reached skill level 22 in Fighting
 40039 | Shoals:1 | Noticed a kraken
 40444 | Shoals:1 | Killed a kraken
 40739 | Shoals:1 | Noticed Nikola
 40755 | Shoals:1 | Killed Nikola
 40756 | Shoals:1 | Reached XP level 18. HP: 151/184 MP: 17/17
 41047 | Shoals:1 | Received a gift from Trog
 41449 | Shoals:2 | Acquired the +0 pair of gloves "Lumil" {rElec Will+}
 42355 | Shoals:3 | Found a runed translucent door.
 42394 | Shoals:3 | Noticed Qatuad's ghost (adept GnFi)
 42428 | Shoals:3 | Killed Qatuad's ghost
 42743 | Shoals:3 | Noticed Bai Suzhen
 42763 | Shoals:3 | Killed Bai Suzhen
 43192 | Shoals:3 | Received a gift from Trog
 43336 | Shoals:4 | Entered Level 4 of the Shoals
 44401 | Shoals:4 | Reached skill level 23 in Fighting
 45262 | Shoals:4 | Got a masterwork plate armour
 45273 | Shoals:4 | Identified the +13 plate armour of Loss {rC+} (You found it
                  | on level 4 of the Shoals)
 45602 | Shoals:4 | Got a barnacled rune of Zot
 45640 | Shoals:4 | Received a gift from Trog
 45644 | Shoals:4 | Got a translucent demon blade {god gift}
 45765 | Shoals:4 | Identified the +9 demon blade of Riunet {flame, rElec rN+
                  | Will+ Str+7} (Trog gifted it to you on level 4 of the
                  | Shoals)
 46548 | Elf:1    | Entered Level 1 of the Elven Halls
 46658 | Elf:1    | Reached XP level 19. HP: 198/198 MP: 18/18
 46785 | Elf:1    | Noticed Louise
 46805 | Elf:1    | Killed Louise
 47114 | Elf:1    | Received a gift from Trog
 47158 | Elf:1    | Reached skill level 24 in Fighting
 47236 | Elf:1    | Reached skill level 5 in Evocations
 47257 | Elf:1    | Gained mutation: Your spells are a little easier to cast,
                  | but a little less powerful. [a shining eye]
 48101 | Elf:2    | Received a gift from Trog
 48646 | Elf:2    | Found a huge runed translucent gate.
 48646 | Elf:2    | Found a huge runed translucent gate.
 48646 | Elf:2    | Found a huge runed translucent gate.
 48648 | Elf:2    | Found a huge runed translucent gate.
 48649 | Elf:2    | Found a huge runed translucent gate.
 49142 | Elf:2    | Reached skill level 25 in Fighting
 49374 | Elf:2    | Received a gift from Trog
 49561 | Elf:3    | Entered Level 3 of the Elven Halls
 49590 | Elf:3    | Noticed Saint Roka
 49617 | Elf:3    | Killed Saint Roka
 50407 | Elf:3    | Noticed a Tzitzimitl
 50414 | Elf:3    | Reached XP level 20. HP: 98/211 MP: 19/19
 50738 | Elf:3    | Identified the +6 scimitar of Etsits {vorpal, Will- Dex+5
                  | SInv}
 50738 | Elf:3    | Identified the ring of Gotzy {Wiz *Drain +Fly rN+ Slay+2}
 51190 | Elf:3    | Identified the ring of Zofug {Str+6 Int+3}
 51355 | Elf:3    | Found a runed translucent gate.
 51356 | Elf:3    | Found a runed translucent gate.
 51356 | Elf:3    | Found an opulent altar of Gozag.
 51359 | Elf:3    | Found a runed translucent gate.
 51359 | Elf:3    | Noticed kaldamae's ghost (adept DrGl)
 51361 | Elf:3    | Found Inoefa's Assorted Antiques.
 51763 | Elf:3    | Received a gift from Trog
 52149 | Elf:3    | Found the +0 mask of the Dragon {Will+ Slay+3 SInv}
 52154 | Elf:3    | Reached skill level 26 in Fighting
 52168 | Elf:3    | Lost intelligence.
 52386 | Elf:3    | Killed kaldamae's ghost
 52564 | Elf:3    | Bought a scroll of enchant armour for 217 gold pieces
 52564 | Elf:3    | Bought a scroll of enchant armour for 217 gold pieces
 52830 | Vaults:1 | Entered Level 1 of the Vaults
 53333 | Vaults:1 | Received a gift from Trog
 54604 | Vaults:2 | Acquired the +1 pair of gloves of Proximity {Harm rC++}
 54689 | Vaults:2 | Reached XP level 21. HP: 223/223 MP: 20/20
 54704 | Vaults:2 | Reached skill level 27 in Fighting
 54867 | Vaults:2 | Found a staircase to the Crypt.
 54973 | Vaults:2 | Received a gift from Trog
 55078 | Vaults:2 | Found Ymyxiaxa's Magic Scroll Boutique.
 55270 | Vaults:2 | You fall into a shaft and drop 1 floor!
 55300 | Vaults:3 | Noticed Jory
 55302 | Vaults:3 | Noticed Boris
 55314 | Vaults:3 | Killed Jory
 55315 | Vaults:3 | Reached skill level 10 in Evocations
 55325 | Vaults:3 | Found Serphaa Uhea's Antique Armour Shoppe.
 55980 | Vaults:3 | Found Solos's Armour Shop.
 55980 | Vaults:3 | Found Muas's Book Boutique.
 56108 | Vaults:3 | Found Vihompu's Gadget Emporium.
 56408 | Vaults:3 | Noticed Mara
 56417 | Vaults:3 | Noticed Almogavar's illusion
 56424 | Vaults:3 | Killed Mara
 56427 | Vaults:3 | Killed Boris
 56728 | Vaults:3 | Got a diamond-encrusted scale mail
 56739 | Vaults:3 | Identified the +0 scale mail of Context {Dex+3} (You found
                  | it on level 3 of the Vaults)
 56954 | Vaults:3 | Found Reumig's Antique Armour Shoppe.
 57849 | Vaults:4 | Received a gift from Trog
 58191 | Vaults:4 | Reached skill level 1 in Stealth
 58285 | Vaults:4 | Noticed Boris
 58298 | Vaults:4 | Killed Boris
 58302 | Vaults:4 | Noticed Margery
 58362 | Vaults:4 | Reached XP level 22. HP: 204/233 MP: 21/21
 58377 | Vaults:4 | Killed Margery
 59579 | Vaults:5 | Entered Level 5 of the Vaults
 59586 | Vaults:5 | Noticed a golden dragon
 60061 | Vaults:5 | Received a gift from Trog
 60325 | Vaults:5 | Got a silver rune of Zot
 60453 | Vaults:5 | Noticed Sojobo
 60479 | Vaults:5 | Noticed an ancient lich
 60493 | Vaults:5 | Killed an ancient lich
 60828 | Vaults:5 | Identified the ring of Henotheism {Ice Will++ Str+3 Int-2
                  | Dex+3}
 60862 | Vaults:5 | Identified the +7 great sword "Yxkos" {protect, rPois rN++
                  | Will- SInv}
 60868 | Vaults:5 | Killed a golden dragon
 60885 | Vaults:5 | Identified the +0 robe "Kihupt" {+Fly Dex+3}
 60945 | Vaults:5 | Reached skill level 15 in Dodging
 60949 | Vaults:5 | Reached skill level 15 in Evocations
 60949 | Vaults:5 | Reached XP level 23. HP: 105/240 MP: 22/22
 60990 | Vaults:5 | Killed Sojobo
 61099 | Vaults:5 | Received a gift from Trog
 61125 | Vaults:5 | HP: 7/240 [tengu reaver/bolt of magma[Sojobo] (28)]
 61126 | Vaults:5 | Killed from afar by a fire giant

Illustrated notes

Levels and vault maps discovered:
D:1:      dpeg_arrival_chambers_temple_mockup, layout_basic
D:2:      layout_rooms, nicolae_ashenzari_panopticon, uniq_jessica, uniq_robin,
          uniq_crazy_yiuf_cottage
D:3:      layout_basic, led_sif_pool
D:4:      layout_basic, uniq_eustachio, uniq_sigmund, uniq_natasha, uniq_grinder
D:5:      cheibrodos_quashed, layout_basic,
          chequers_temple_overflow_statue_of_worship, kennysheep_mini_moat,
          serial_rivers, chequers_serial_rivers_micro_a,
          chequers_serial_rivers_micro_b, chequers_serial_rivers_micro_d,
          chequers_serial_rivers_marsh, basic_altar, lemuel_flamethrower_1,
          uniq_duvessa, uniq_prince_ribbit1, uniq_edmund
D:6:      layout_loops_cross, minmay_temple_entry_statues_fountains,
          serial_shops, kennysheep_little_box
D:7:      layout_basic, gammafunk_ghost_grave, nicolae_tso_swordbearing_angel,
          uniq_harold
D:8:      layout_basic, dpeg_lair_monsters, special_room [special_room_orc],
          nicolae_ossuary_entry_ruins, chequers_serial_rivers_room_b,
          minivault_12, uniq_grum, uniq_maurice
D:9:      layout_loops_ring
D:10:     layout_irregular_city, orc_0_dummy, minmay_misc_feat_encased,
          minmay_shop_mayhem, eino_curves_04, st_stairs_8, serial_bayou_pond_d,
          elyvilon_altar_3, uniq_josephine
D:11:     layout_irregular_city, hex_tiny, hive_lemuel
D:12:     layout_roguey, enter_trove_1, uniq_kirke, uniq_fannar, uniq_nessos
D:13:     layout_loops_ring, david_vaults_4, serial_shops, shop
D:14:     layout_basic
D:15:     gammafunk_enter_depths_forms, layout_loops_ring,
          okawaru_ov_weapons_minmay, minmay_gold_behind_fungi
Lair:1:   lemuel_slime, layout_long_grid, serial_bayou_shore_b
Lair:2:   layout_small_grid, guppyfry_snake_entry_island, serial_rivers,
          chequers_serial_rivers_micro_a, chequers_serial_rivers_room_a,
          chequers_serial_rivers_micro_d, chequers_serial_rivers_large_b,
          chequers_serial_rivers_small_3
Lair:3:   layout_chaotic_city, chequers_serial_rivers_small_3, st_stairs_9,
          minivault_25, grunt_megastairs_1, uniq_sonja
Lair:4:   layout_cave_pods, elwin_shoals_entry_stream, grunt_megastairs_3
Lair:5:   layout_cave_pods, slime_altar_1, ebering_ghost_reflecting_pool,
          infiniplex_staircase_pool, lemuel_fruit_tree
Lair:6:   grunt_lair_end_beastmaster, layout_cellular_growth
Shoals:1: layout_shoals, uniq_jorgrun, uniq_nikola
Shoals:2: layout_shoals
Shoals:3: layout_shoals, ebering_ghost_inner_flame, nicolae_shoals_flooded_hall,
          uniq_bai_suzhen
Shoals:4: shoals_end_simple, layout_shoals, hangedman_shoals_cup_caves
Snake:1:  minmay_snake_river, layout_honeycomb, st_stairs_9, minmay_shoptagon
Snake:2:  layout_cave_town
Snake:3:  hangedman_cross_stitches, layout_cave_town
Snake:4:  minmay_snake_end_coiled, layout_cave_town, basic_altar,
          grunt_megastairs_5
Orc:1:    layout_caves
Orc:2:    grunt_orc_tribal_feast, layout_caves, uniq_azrael, uniq_rupert
Elf:1:    elf_arrival_001, layout_gridlike, hangedman_elf_represent,
          nicolae_elf_glass_and_crystal_pillar_1, uniq_louise
Elf:2:    layout_loops_ring, drop_trap
Elf:3:    minmay_elf_hall_curves, layout_geoelf_octagon, ebering_ghost_gozag,
          uniq_saint_roka
Vaults:1: hangedman_vaults_capsules, hangedman_vaults_stream, vaults_dpeg_hooks,
          ontoclasm_vaults_twist, nicolae_vaults_ring_of_whatevers,
          ontoclasm_vaults_eye, ontoclasm_vaults_tryst, hangedman_vaults_pinch,
          serial_ice_g, layout_vaults_omnigrid
Vaults:2: v_rooms_5, nicolae_vaults_back_hallway, v_misc_10, v_pattern_1,
          minmay_crypt_entry_simple_corners, nicolae_vaults_hallways_thing,
          grunt_vaults_focal, hangedman_vaults_nodes, v_misc_24,
          vaults_room_grid, layout_vaults_maze, serial_shops, shop_coins
Vaults:3: v_pattern_4, vaults_room_door_ring, vaults_room_pools,
          vaults_room_hallway, nicolae_vaults_network_square,
          hangedman_vaults_cutoff, grunt_vaults_twisty,
          grunt_vaults_hallway_long, hangedman_vaults_corner,
          vaults_dpeg_encased_lava, v_alt_pattern_4, vaults_mumra_hex,
          grunt_vaults_diagonal, v_misc_24, layout_vaults_omnicross,
          serial_shops, shop, shop, nicolae_shop_stone, shop, shop, uniq_boris,
          uniq_mara, uniq_jory
Vaults:4: dpeg_vaults_monster_box, nicolae_vaults_asterisk, v_misc_28,
          hangedman_vaults_hat, grunt_vaults_funnel, grunt_vaults_hallway_short,
          nicolae_vaults_diagonal_hallway_8, v_misc_30, v_misc_26,
          ontoclasm_vaults_loading_screen, vaults_dpeg_spiral,
          vaults_mumra_chevron, layout_vaults_ring, uniq_margery
Vaults:5: serial_shops, uniq_sojobo

Skill      XL: |  1  2  3  4  5  6  7  8  9 10 11 12 13 14 15 16 17 18 19 20 21 22 |
---------------+-------------------------------------------------------------------+-----
Fighting       | 4 5 6 7 8 9 10 11 13 15 18 20 22 23 25 26 27 | 27.0
Long Blades    | 4 5 6 7 8 9 10 12 13 14 | 14.6
Dodging        | 3 4 5 6 7 8 9 10 11 12 13 15 | 15.4
Armour         | 3 4 7 9 11 12 14 15 16 18 | 18.5
Slings         | 1 2 5 7 11 12 | 12.6
Shields        | 2 5 7 9 12 15 | 15.3
Throwing       | 2 |  2.0
Evocations     | 1 4 6 8 12 15 | 15.5
Stealth        | 2 3 |  3.7

Action                   |  1- 3 |  4- 6 |  7- 9 | 10-12 | 13-15 | 16-18 | 19-21 | 22-24 || total
-------------------------+-------+-------+-------+-------+-------+-------+-------+-------++-------
Melee: Falchion          |    93 |   143 |   273 |   145 |    67 |       |       |       ||   721
       Headbutt          |     7 |    22 |    65 |   163 |   394 |   346 |   321 |   146 ||  1464
       Demon blade       |       |       |       |   154 |       |    57 |  1071 |   393 ||  1675
       Scimitar          |       |       |       |   360 |  1184 |   220 |       |       ||  1764
       Great sword       |       |       |       |       |     1 |       |       |       ||     1
       Long sword        |       |       |       |       |       |   915 |    19 |     2 ||   936
 Fire: Hunting sling     |       |       |     6 |    11 |     8 |   734 |   530 |   221 ||  1510
Invok: Berserk           |       |     2 |     6 |    11 |     6 |     1 |       |       ||    26
       Trog's Hand       |       |       |     1 |     5 |     3 |     5 |     3 |     6 ||    23
       Brothers in Arms  |       |       |       |     2 |     1 |     2 |     2 |     5 ||    12
 Abil: Evoke Flight      |       |       |       |       |       |     1 |       |       ||     1
Evoke: Wand              |       |       |       |       |     4 |       |       |       ||     4
       Phial of floods   |       |       |       |       |       |       |     1 |       ||     1
       Lightning rod     |       |       |       |       |       |       |       |     2 ||     2
  Use: Scroll            |     4 |     4 |     2 |     9 |    18 |    12 |     8 |     6 ||    63
       Potion            |       |       |     1 |       |       |     3 |     2 |    11 ||    17
 Stab: Sleeping          |     1 |       |       |       |       |       |       |       ||     1
       Paralysed         |       |       |       |     1 |       |       |       |       ||     1
       Petrified         |       |       |       |       |     6 |       |       |       ||     6
       Distracted        |       |       |       |       |       |       |     2 |       ||     2
Armor: Animal skin       |    27 |    13 |       |       |       |       |       |       ||    40
       Ring mail         |       |     7 |       |       |       |       |       |       ||     7
       Scale mail        |       |    25 |    39 |       |       |       |       |       ||    64
       Chain mail        |       |       |    57 |   196 |   422 |   256 |       |       ||   931
       Skin              |       |       |     1 |       |       |       |       |       ||     1
       Plate armour      |       |       |       |       |       |    97 |   194 |   194 ||   485
Dodge: Dodged            |    60 |    81 |    97 |   169 |   348 |   447 |   204 |   142 ||  1548
       Repelled          |       |       |       |       |       |       |     8 |     1 ||     9
Block: Kite shield       |       |       |    40 |   346 |   715 |  1300 |   791 |   478 ||  3670
       Reflection        |       |       |       |       |       |   149 |   123 |    46 ||   318
       Rpst.: Falchion   |    21 |    19 |    21 |     8 |     3 |       |       |       ||    72
       Demon blade       |       |       |       |    11 |       |     5 |    35 |    23 ||    74
       Scimitar          |       |       |       |    23 |    74 |    15 |       |       ||   112
       Long sword        |       |       |       |       |       |    41 |       |       ||    41
